 Dungeon Crawl Stone Soup version 0.28-a0-1334-g1c9ffb4daf (webtiles) character file.

Game seed: 4393166812684092378

6 Cheeritup the Chopper (level 1, -2/20 HPs)
             Began as a Hill Orc Monk on Dec 28, 2021.
             Slain by a jackal (3 damage)
             ... on level 1 of the Dungeon.
             The game lasted 00:00:32 (245 turns).

Cheeritup the Chopper (Hill Orc Monk)                Turns: 245, Time: 00:00:33

Health: -2/20      AC:  2    Str: 13    XL:     1   Next: 90%
Magic:  1/1        EV: 12    Int: 10    God:
Gold:   0          SH:  0    Dex: 13    Spells: 0/0 levels left

rFire   . . .      SeeInvis .   a - +0 hand axe
rCold   . . .      Faith    .   (no shield)
rNeg    . . .      Spirit   .   b - +0 robe
rPois   .          Reflect  .   (no helmet)
rElec   .          Harm     .   (no cloak)
rCorr   .          Rampage  .   (no gloves)
Will    .....                   (no boots)
Stlth   ++........              (no amulet)
HPRegen 0.06/turn               (no ring)
MPRegen 0.07/turn               (no ring)

@: no status effects
A: no striking features
a: no special abilities


You were on level 1 of the Dungeon.
You visited 1 branch of the dungeon, and saw 1 of its levels.

Inventory:

Hand Weapons
 a - a +0 hand axe (weapon)
Armour
 b - a +0 robe (worn)


   Skills:
 * Level 3.8 Fighting
 * Level 4.2 Axes
 + Level 0.4 Armour
 - Level 2.4 Dodging
 - Level 1.5 Stealth


You couldn't memorise any spells.
You didn't know any spells.
Your spell library was empty.

Dungeon Overview and Level Annotations

Branches:
Dungeon (1/15)

Altars:


Message History

An endoplasm comes into view.
The jackal misses you. The jackal closely misses you.
The endoplasm quivers.
You slash the jackal!
You kill the jackal!
You hit the jackal but do no damage. You barely miss the jackal.
You closely miss the jackal. The jackal barely misses you.
The jackal bites you. x2; The bat hits you.
The jackal closely misses you.
You barely miss the jackal. You hit the jackal but do no damage.
You barely miss the jackal. You completely miss the bat.
The bat barely misses you. The bat hits you. The jackal closely misses you.
The jackal bites you. x4
You are too injured to fight recklessly!
You are too injured to fight recklessly!
You are too injured to fight recklessly!
The bat barely misses you. The bat closely misses you. The jackal misses you.
You barely miss the jackal. You hit the jackal.
The jackal bites you but does no damage.
You hit the jackal.
The jackal is heavily wounded.
You hit the bat. You barely miss the jackal. The bat closely misses you.
The jackal bites you. The jackal closely misses you.
You closely miss the jackal.
The jackal is moderately wounded.
You hit the jackal but do no damage. You closely miss the rat.
The jackal barely misses you. The rat bites you.
* * * LOW HITPOINT WARNING * * *
The bat closely misses you. The jackal bites you.
* * * LOW HITPOINT WARNING * * *
The jackal barely misses you. The jackal bites you.
* * * LOW HITPOINT WARNING * * *
The rat bites you.
* * * LOW HITPOINT WARNING * * *
You closely miss the bat.
The bat is severely wounded.
You hit the jackal. You hit the rat but do no damage. You miss the jackal.
You closely miss the jackal. The bat closely misses you. The jackal bites you.
You die...

#######....###...##......
...
#.................#.#.###
#...................#..#
#.................###..#
#.....).########........
#.....).#........b....#.#
#....................##
#......................
#.............h@h......
#.........#####hr......
#.........# #J.......
#.........# ###........
#.........# #..........
#.........# #..........
......... #.....(....
.##.... #..........
#..........


You could see an endoplasm, 3 jackals, a bat and a rat.

Vanquished Creatures
  A jackal (D:1)
  A kobold (D:1)
  A quokka (D:1)
  2 goblins (D:1)
5 creatures vanquished.

Notes
Turn   | Place    | Note
-------+----------+-------------------------------------------
     0 | D:1      | Cheeritup the Hill Orc Monk began the quest for the Orb.
     0 | D:1      | Reached XP level 1. HP: 19/19 MP: 1/1
   244 | D:1      | HP: 1/20 [rat (2)]
   245 | D:1      | Slain by a jackal

Illustrated notes

Levels and vault maps discovered:
D:1:      minmay_arrival_checkered_box, layout_basic, serial_glass,
          glass_columns_a, glass_columns_b

Action                   || total
-------------------------++-------
Melee: Hand axe          ||    20
Armor: Robe              ||     1
Dodge: Dodged            ||    29

Table legend: (Time is in decaauts)
 A = Elapsed time spent in this place.
 B = Non-inter-level travel time spent in this place.
 C = Inter-level travel time spent in this place.
 D = Time resting spent in this place.
 E = Time spent auto-exploring this place.
 F = Levels seen in this place.
 G = Mean time per level.
                   A        B        C        D        E       F      G
               +--------+--------+--------+--------+--------+-----+--------+
         Total |    246 |    246 |      0 |      0 |    200 |   1 |  246.0 |
       Dungeon |    246 |    246 |      0 |      0 |    200 |   1 |  246.0 |
               +--------+--------+--------+--------+--------+-----+--------+

Top non-repeatable levels by time:
     D:1: 246 daAuts
